 Dungeon Crawl Stone Soup version 0.21.0 (webtiles) character file.

1721 Modular the Digger (level 9, -1/51 HPs)
             Began as a Gargoyle Earth Elementalist on July 22, 2018.
             Slain by an orc warrior
             ... wielding a +0 scimitar
              (9 damage)
             ... on level 6 of the Dungeon.
             The game lasted 00:34:45 (6364 turns).

Modular the Digger (Gargoyle Earth Elementalist)    Turns: 6364, Time: 00:34:45

Health: -1/51      AC:  8    Str: 12    XL:     9   Next: 4%
Magic:  8/16       EV: 13    Int: 19    God:
Gold:   22         SH:  0    Dex: 10    Spells: 11/18 levels left

rFire    . . .     SeeInvis .   a - +2 mace (holy)
rCold    . . .     Gourm    .   (no shield)
rNeg     + . .     Faith    .   v - -2 robe
rPois    ∞         Spirit   .   (no helmet)
rElec    +         Reflect  .   (no cloak)
rCorr    .         Harm     .   m - +1 pair of gloves
MR       .....                  (no boots)
Stlth    ++........             (no amulet)
HPRegen  0.17/turn              (no ring)
MPRegen  0.15/turn              (no ring)

@: very slightly contaminated
A: negative energy resistance 1, electricity resistance, unbreathing,
petrification resistance, rot immunity, AC +6
a: no special abilities


You were on level 6 of the Dungeon.
You were not hungry.

You visited 1 branch of the dungeon, and saw 6 of its levels.

You collected 265 gold pieces.
You spent 243 gold pieces at shops.

Inventory:

Hand Weapons
 a - a +2 mace of holy wrath (weapon)
 j - a +0 flail of holy wrath
Missiles
 y - 4 stones (quivered)
Armour
 c - a +0 robe
 m - a +1 pair of gloves (worn)
 v - a -2 robe (worn)
Magical Staves
 b - an uncursed staff of air
Jewellery
 x - an uncursed ring of resist corrosion
Wands
 r - a wand of flame (48)
Scrolls
 k - a scroll of remove curse
 t - a scroll of fog {unknown}
 u - a scroll of enchant weapon {unknown}
 w - a scroll of immolation
 z - a scroll of brand weapon {unknown}
Potions
 f - 4 potions of curing
 h - a potion of flight {unknown}
 i - 2 potions of heal wounds {unknown}
 l - 3 potions of cancellation {unknown}
 n - a potion of magic {unknown}
 p - a potion of ambrosia {unknown}
 q - a potion of haste {unknown}
 s - a potion of degeneration {unknown}
Books
 e - a book of Geomancy

   Spells                             Type                      Level
   a - Sandblast                      Earth                        1
   b - Passwall                       Transmutation/Earth          2
   c - Stone Arrow                    Conjuration/Earth            3
   d - Petrify                        Transmutation/Earth          4
   e - Lee's Rapid Deconstruction     Earth                        5
 g - a book of Changes

   Spells                             Type                      Level
   a - Beastly Appendage              Transmutation                1
   b - Sticks to Snakes               Transmutation                2
   c - Spider Form                    Transmutation/Poison         3
   d - Ice Form                       Ice/Transmutation            4
   e - Blade Hands                    Transmutation                5
 o - a book of Minor Magic

   Spells                             Type                      Level
   a - Magic Dart                     Conjuration                  1
   b - Blink                          Translocation                2
   c - Call Imp                       Summoning                    2
   d - Slow                           Hexes                        2
   e - Conjure Flame                  Conjuration/Fire             3
   f - Mephitic Cloud                 Conjuration/Poison/Air       3
 A - a book of Maledictions

   Spells                             Type                      Level
   a - Corona                         Hexes                        1
   b - Ensorcelled Hibernation        Hexes/Ice                    2
   c - Confuse                        Hexes                        3
   d - Tukima's Dance                 Hexes                        3
   e - Dazzling Spray                 Conjuration/Hexes            3
Comestibles
 d - 10 rations


   Skills:
 + Level 3.3 Fighting
 + Level 2.9 Maces & Flails
 + Level 3.2 Dodging
 - Level 2.4 Stealth
 + Level 5.2 Spellcasting
 + Level 4.0 Conjurations
   Level 0.7 Transmutations
 + Level 3.7 Fire Magic
 + Level 7.5 Earth Magic


You had 11 spell levels left.
You knew the following spells:

 Your Spells              Type           Power        Failure   Level  Hunger
a - Sandblast             Erth           ####..       1%          1    None
b - Stone Arrow           Conj/Erth      ####..       3%          3    ##.....
c - Conjure Flame         Conj/Fire      ###.....     8%          3    ##.....


Dungeon Overview and Level Annotations

Branches:
Dungeon (6/15)
 Temple: D:4-7

Altars:
Ashenzari
Cheibriados
Fedhas
Gozag
Nemelex Xobeh
Ru
Trog
Yredelemnul

Shops:
D:6 *


Innate Abilities, Weirdness & Mutations

You are resistant to torment.
Your stone body is resilient. (AC +6)
You are immune to poison.
You resist negative energy. (rN+)
You are resistant to electric shocks. (rElec)
You can survive without breathing.
You are immune to petrification.
You are immune to rotting.


Message History

Press: ? - help, Shift-Dir - straight line, f/p - orc warrior
Aim: an orc warrior, wielding a scimitar and wearing a plate armour (lightly wounded)
The stone arrow hits the orc warrior.
The orc warrior is lightly wounded.
The orc shouts!
Casting: Stone Arrow
Confirm with . or Enter, or press ? or * to list all spells.
Aiming: Sandblast
Press: ? - help, Shift-Dir - straight line, f/p - orc warrior
Aim: an orc warrior, wielding a scimitar and wearing a plate armour (lightly wounded)
The blast of sand hits the orc warrior.
The orc warrior is lightly wounded.
y - 4 stones The orc warrior hits you with a scimitar!!
* * * LOW HITPOINT WARNING * * *
As you read the scroll labeled HEB ZAPRAUWK, it crumbles to dust.
The creatures around you are filled with an inner flame!
It was a scroll of immolation.
The orc warrior hits you with a scimitar!
You die...

######## #......####
#.........#
#########.........#
#............(....#
#.......∩.∩..@....#
...#...........o.....#
...#.......∩.∩.......# # #
...#...........#'##### .# .#
...#...........#.######.#..#
...#.......o...#.#..........
...#.......#####)#..........
..####......# #....(.......
(.# ######.##########......


You could see an orc warrior (inner flame) and an orc (inner flame).

Vanquished Creatures
  An ice beast (D:6)
  2 phantoms
  A sky beast (D:6)
  3 ogres
  A centaur (D:6)
  A bullfrog (D:6)
  3 scorpions
  2 wights (D:6)
  A howler monkey (D:6)
  2 crimson imps (D:6)
  A bullfrog zombie (D:6)
  3 hounds
  A centaur skeleton (D:6)
  2 orc priests
  A jelly (D:6)
  2 orc wizards
  A bullfrog skeleton (D:5)
  Ijyb (D:3)
  A worker ant (D:5)
  A hound skeleton (D:4)
  A howler monkey zombie (D:4)
  7 gnolls
  6 adders
  An adder skeleton (D:4)
  2 worms (D:2)
  3 dart slugs
  2 leopard geckos
  10 orcs
  2 ball pythons
  3 giant cockroaches
  9 goblins
  6 hobgoblins
  4 jackals (D:2)
  7 kobolds
  A quokka (D:4)
  12 bats
  6 frilled lizards
  6 rats
119 creatures vanquished.

Notes
Turn   | Place    | Note
-------+----------+-------------------------------------------
     0 | D:1      | Modular the Gargoyle Earth Elementalist began the quest for the Orb.
     0 | D:1      | Reached XP level 1. HP: 10/10 MP: 3/3
    96 | D:1      | Reached XP level 2. HP: 15/15 MP: 0/5
   366 | D:1      | Reached skill level 4 in Earth Magic
   764 | D:1      | Reached XP level 3. HP: 19/19 MP: 3/6
   770 | D:1      | Learned a level 3 spell: Stone Arrow
  1282 | D:2      | Reached XP level 4. HP: 19/24 MP: 1/8
  1584 | D:2      | Reached skill level 5 in Earth Magic
  1689 | D:2      | Reached XP level 5. HP: 28/28 MP: 5/10
  2312 | D:3      | Learned a level 3 spell: Conjure Flame
  2513 | D:3      | Noticed Ijyb
  2527 | D:3      | Killed Ijyb
  2527 | D:3      | Reached XP level 6. HP: 26/32 MP: 0/12
  2761 | D:3      | Found a shattered altar of Ashenzari.
  2794 | D:3      | Reached skill level 1 in Conjurations
  2952 | D:3      | Reached skill level 6 in Earth Magic
  3076 | D:3      | Found an opulent altar of Gozag.
  3077 | D:3      | Found a snail-covered altar of Cheibriados.
  3077 | D:3      | Found a sparkling altar of Nemelex Xobeh.
  3077 | D:3      | Found a bloodstained altar of Trog.
  3079 | D:3      | Found a basalt altar of Yredelemnul.
  3083 | D:3      | Found a blossoming altar of Fedhas.
  3142 | D:3      | Reached skill level 1 in Fire Magic
  3756 | D:4      | Reached XP level 7. HP: 29/36 MP: 2/13
  4245 | D:4      | Reached skill level 1 in Fighting
  4761 | D:4      | Reached skill level 1 in Maces & Flails
  4878 | D:5      | Entered Level 5 of the Dungeon
  4965 | D:5      | Found a sacrificial altar of Ru.
  5030 | D:5      | Reached XP level 8. HP: 44/44 MP: 9/15
  5403 | D:6      | Reached skill level 7 in Earth Magic
  5793 | D:6      | Reached skill level 5 in Spellcasting
  6175 | D:6      | Found Focuf's Assorted Antiques.
  6185 | D:6      | Bought a gilded ring for 135 gold pieces
  6185 | D:6      | Bought 2 scrolls of identify for 108 gold pieces
  6239 | D:6      | Reached XP level 9. HP: 51/51 MP: 0/16
  6364 | D:6      | Slain by an orc warrior

Skill      XL: |  1  2  3  4  5  6  7  8  9 |
---------------+----------------------------+-----
Earth Magic    | 4 5 6 7 |  7.5
Spellcasting   | 3 4 5 |  5.2
Conjurations   | 2 3 4 |  4.0
Fire Magic     | 1 2 3 |  3.7
Dodging        | 2 3 |  3.2
Fighting       | 1 3 |  3.3
Maces & Flails | 1 2 |  2.9
Stealth        | |  2.4
Transmutations | |  0.7

Action                   |  1- 3 |  4- 6 |  7- 9 || total
-------------------------+-------+-------+-------++-------
Melee: Mace              |    10 |    36 |    24 ||    70
       Staff             |       |       |    31 ||    31
 Cast: Sandblast         |    34 |    61 |    62 ||   157
       Stone Arrow       |     2 |    25 |    38 ||    65
       Conjure Flame     |       |     2 |     3 ||     5
  Use: Scroll            |       |     3 |     7 ||    10
  Eat: Chunk             |     1 |     9 |     3 ||    13
       Ration            |       |     1 |     2 ||     3
Armor: Robe              |     4 |    19 |    59 ||    82
Dodge: Dodged            |     7 |    40 |    40 ||    87
